 Dungeon Crawl Stone Soup version 0.29.1-12-g30fa7ad0bf (webtiles) character file.

Game seed: 17012597686507551099

262 Radix the Cutter (level 6, 0/47 HPs)
             Began as a Gnoll Wanderer on Dec 13, 2022.
             Slain by Pikel
             ... wielding a +1 whip of flaming
              (8 damage)
             ... on level 5 of the Dungeon.
             The game lasted 00:29:59 (3209 turns).

Radix the Cutter (Gnoll Wanderer)                   Turns: 3209, Time: 00:30:00

Health: 0/47       AC:  3    Str: 11    XL:     6   Next: 18%
Magic:  11/11      EV: 15    Int: 18    God:
Gold:   220        SH:  5    Dex: 13    Spells: 10/11 levels left

rFire   . . .      SeeInvis .   k - +0 rapier
rCold   . . .      Faith    .   b - +0 buckler
rNeg    . . .      Spirit   .   g - +0 leather armour
rPois   .          Reflect  .   (no helmet)
rElec   .          Harm     .   (no cloak)
rCorr   .          Rampage  .   (no gloves)
Will    .....                   (no boots)
Stlth   ++........              (no amulet)
HPRegen 0.15/turn               f - +6 ring of intelligence
MPRegen 0.12/turn               v - +4 ring of evasion

@: about to teleport
A: fangs 1, strong nose, distributed training
a: no special abilities


You were on level 5 of the Dungeon.
You visited 1 branch of the dungeon, and saw 5 of its levels.

You collected 220 gold pieces.

Inventory:

Hand Weapons
 a - a +0 short sword
 k - a +0 rapier (weapon)
 n - a +3 spear
Missiles
 C - 3 boomerangs (quivered)
Armour
 b - a +0 buckler (worn)
 g - a +0 leather armour (worn)
 x - a scarf of shadows
Jewellery
 f - a +6 ring of intelligence (left hand)
 v - a +4 ring of evasion (right hand)
Scrolls
 d - a scroll of noise {unknown}
 l - a scroll of silence {unknown}
 o - a scroll of poison {unknown}
 p - a scroll of vulnerability {unknown}
 q - 2 scrolls of enchant weapon {unknown}
 r - a scroll of teleportation
 s - a scroll of identify
 t - a scroll of enchant armour {unknown}
 u - a scroll of brand weapon {unknown}
 y - 3 scrolls of amnesia {unknown}
 B - a scroll of immolation {unknown}
Potions
 e - a potion of flight {unknown}
 h - a potion of might {unknown}
 j - 3 potions of mutation {unknown}
 m - 2 potions of magic {unknown}
 w - 2 potions of berserk rage {unknown}
 z - 2 potions of heal wounds {unknown}
 A - a potion of invisibility {unknown}


   Skills:
 + Level 3.2 Fighting
 + Level 6.8 Short Blades
 + Level 1.9 Long Blades
 + Level 1.9 Axes
 + Level 1.9 Maces & Flails
 + Level 1.9 Polearms
 + Level 1.9 Staves
 + Level 1.9 Ranged Weapons
 + Level 1.9 Throwing
 + Level 1.9 Armour
 + Level 1.9 Dodging
 + Level 1.9 Stealth
 + Level 5.0 Shields
 + Level 1.9 Unarmed Combat
 + Level 3.4 Spellcasting
 + Level 1.5 Conjurations
 + Level 1.5 Hexes
 + Level 1.5 Summonings
 + Level 1.5 Necromancy
 + Level 1.5 Translocations
 + Level 1.5 Transmutations
 + Level 1.5 Fire Magic
 + Level 1.5 Ice Magic
 + Level 1.5 Air Magic
 + Level 5.6 Earth Magic
 + Level 1.5 Poison Magic
 + Level 2.1 Invocations
 + Level 1.9 Evocations


You had 10 spell levels left.
You knew the following spells:

 Your Spells              Type           Power      Damage    Failure   Level
a - Sandblast             Erth           46%        2d11      2%          1

Your spell library contained the following spells:

 Spells                   Type           Power      Damage    Failure   Level
 Passwall                 Tmut/Erth      13%        N/A       9%          2
 Apportation              Tloc           16%        N/A       14%         1
 Freeze                   Ice            32%        1d5       14%         1
 Necrotise                Necr           32%        1d5       14%         1
 Summon Small Mammal      Summ           32%        N/A       14%         1
 Stone Arrow              Conj/Erth      32%        3d9       19%         3
 Frozen Ramparts          Ice            16%        1d3       38%         3
 Hailstorm                Conj/Ice       8%         3d4       80%         4


Dungeon Overview and Level Annotations

Branches:
Dungeon (5/15)
 Temple: D:4-7

Altars:
Gozag
Kikubaaqudgha
Ru
Zin

Annotations:
D:4 Grinder
D:5 Pikel


Innate Abilities, Weirdness & Mutations

You have very sharp teeth.
Your uncanny sense of smell can sniff out nearby items.
Your experience applies equally to all skills.


Message History

The ufetubus misses you. The ufetubus barely misses you. The ufetubus hits you.
You block the lemure's attack. The ufetubus closely misses you.
You block the ufetubus's attack. Pikel closely misses you.
Casting: Sandblast (safe; 2% risk of failure)
Confirm with . or Enter, or press ? or * to list all spells.
Aiming: Sandblast (safe; 2% risk of failure)
Press: ? - help, Shift-Dir - straight line, f - Pikel
Aim: Pikel, wielding a +1 whip of flaming and wearing a +0 robe (79% to hit)
The blast of sand hits Pikel!
Pikel is moderately wounded.
Pikel hits you with a +1 whip of flaming!
Pikel burns you.
Pikel hits you with a +1 whip of flaming.
* * * LOW HITPOINT WARNING * * *
Pikel burns you.
* * * LOW HITPOINT WARNING * * *
You feel better. The ufetubus hits you. You block the ufetubus's attack.
Pikel hits you with a +1 whip of flaming!
* * * LOW HITPOINT WARNING * * *
Pikel burns you.
* * * LOW HITPOINT WARNING * * *
The lemure hits you but does no damage. The ufetubus barely misses you.
The ufetubus misses you.
Unknown command.
Pikel attacks as you move away! Pikel misses you.
The ufetubus barely misses you.
The ufetubus hits you but does no damage.
As you read the scroll labelled XETWUKISHRARCHUU, it crumbles to dust.
It is a scroll of identify.
r - 2 scrolls of teleportation The ufetubus completely misses you.
You block the ufetubus's attack. The ufetubus barely misses you.
The ufetubus closely misses you.
As you read the scroll of teleportation, it crumbles to dust.
You feel strangely unstable. The ufetubus misses you.
You block the ufetubus's attack. Pikel attacks as you move away!
Pikel hits you with a +1 whip of flaming!
You die...

+......+ .#+#......#
..........# ##.
..........###...
..........#...#
...........#####+###
#..........5....#
#........5@...# ∆
#........K....#
#...........###
#.##........#
#..#........+
#.<#...!....#
#..#.######## #..#.#
####+#


You could see Pikel, a lemure and an ufetubus.

Vanquished Creatures
  An ogre (D:4)
  An orc priest (D:3)
  An iguana (D:4)
  4 gnolls (D:2)
  2 adders
  A worm (D:3)
  3 dart slugs
  10 orcs
  5 endoplasms
  4 giant cockroaches
  7 goblins
  3 hobgoblins
  2 quokkas
  2 ball pythons (D:3)
  3 bats
  A frilled lizard (D:1)
  3 kobolds (D:1)
  2 rats
55 creatures vanquished.

Notes
Turn   | Place    | Note
-------+----------+-------------------------------------------
     0 | D:1      | Radix the Gnoll Wanderer began the quest for the Orb.
     0 | D:1      | Radix set off with the following items: a +0 short sword, a
                  | +0 buckler, a potion of curing, a +0 robe; and the
                  | following spell memorised: Sandblast; and the following
                  | spells available to memorise: Passwall, Stone Arrow.
     0 | D:1      | Reached XP level 1. HP: 17/17 MP: 4/4
   352 | D:1      | Reached XP level 2. HP: 18/23 MP: 5/5
  1228 | D:2      | Reached XP level 3. HP: 21/28 MP: 4/7
  1231 | D:2      | Reached skill level 1 in Invocations
  1246 | D:2      | Reached skill level 1 in Long Blades
  1246 | D:2      | Reached skill level 1 in Axes
  1246 | D:2      | Reached skill level 1 in Maces & Flails
  1246 | D:2      | Reached skill level 1 in Polearms
  1246 | D:2      | Reached skill level 1 in Staves
  1246 | D:2      | Reached skill level 1 in Ranged Weapons
  1246 | D:2      | Reached skill level 1 in Throwing
  1246 | D:2      | Reached skill level 1 in Armour
  1246 | D:2      | Reached skill level 1 in Dodging
  1246 | D:2      | Reached skill level 1 in Stealth
  1246 | D:2      | Reached skill level 1 in Unarmed Combat
  1246 | D:2      | Reached skill level 1 in Evocations
  1251 | D:2      | Reached XP level 4. HP: 22/34 MP: 0/8
  1535 | D:2      | Found a faded altar of an unknown god.
  1615 | D:2      | Reached skill level 1 in Conjurations
  1615 | D:2      | Reached skill level 1 in Hexes
  1615 | D:2      | Reached skill level 1 in Summonings
  1615 | D:2      | Reached skill level 1 in Necromancy
  1615 | D:2      | Reached skill level 1 in Translocations
  1615 | D:2      | Reached skill level 1 in Transmutations
  1615 | D:2      | Reached skill level 1 in Fire Magic
  1615 | D:2      | Reached skill level 1 in Ice Magic
  1615 | D:2      | Reached skill level 1 in Air Magic
  1615 | D:2      | Reached skill level 1 in Poison Magic
  1835 | D:3      | Found a sacrificial altar of Ru.
  2024 | D:3      | Reached XP level 5. HP: 19/40 MP: 4/9
  2448 | D:4      | Found a glowing silver altar of Zin.
  2448 | D:4      | Found an opulent altar of Gozag.
  2641 | D:4      | Noticed Grinder
  2659 | D:4      | Found an ancient bone altar of Kikubaaqudgha.
  2713 | D:4      | Noticed an ogre
  2771 | D:4      | Killed an ogre
  2772 | D:4      | Reached XP level 6. HP: 47/47 MP: 7/11
  2906 | D:4      | Reached skill level 5 in Shields
  3039 | D:4      | Noticed Pikel
  3066 | D:5      | Entered Level 5 of the Dungeon
  3209 | D:5      | Slain by Pikel

Illustrated notes

Levels and vault maps discovered:
D:1:      dpeg_arrival_castle, layout_basic
D:2:      layout_rooms, nicolae_ecumenical_oubliette
D:3:      layout_basic, mainiacjoe_overflow_boulevard,
          minmay_misc_feat_diagonals
D:4:      layout_basic, grunt_temple_overflow_gold_and_silver, kennysheep_mini,
          nicolae_shop_i_like_big_books, uniq_grinder, uniq_pikel
D:5:      layout_basic, overflow_temple_1_default,
          gammafunk_temple_overflow_forgotten, minmay_temple_entry_poolview,
          serial_shops, nicolae_shop_behind_doors, uniq_menkaure,
          uniq_crazy_yiuf_cottage

Skill      XL: |  1  2  3  4  5  6 |
---------------+-------------------+-----
Invocations    | 1 2 |  2.1
Long Blades    | 1 |  1.9
Axes           | 1 |  1.9
Maces & Flails | 1 |  1.9
Polearms       | 1 |  1.9
Staves         | 1 |  1.9
Ranged Weapons | 1 |  1.9
Throwing       | 1 |  1.9
Armour         | 1 |  1.9
Dodging        | 1 |  1.9
Stealth        | 1 |  1.9
Unarmed Combat | 1 |  1.9
Evocations     | 1 |  1.9
Spellcasting   | 3 |  3.4
Conjurations   | 1 |  1.5
Hexes          | 1 |  1.5
Summonings     | 1 |  1.5
Necromancy     | 1 |  1.5
Translocations | 1 |  1.5
Transmutations | 1 |  1.5
Fire Magic     | 1 |  1.5
Ice Magic      | 1 |  1.5
Air Magic      | 1 |  1.5
Poison Magic   | 1 |  1.5
Fighting       | 3 |  3.2
Shields        | 5 |  5.0
Short Blades   | |  6.8
Earth Magic    | |  5.6

Action                   |  1- 3 |  4- 6 || total
-------------------------+-------+-------++-------
Melee: Short sword       |    48 |       ||    48
       Bite              |     1 |     5 ||     6
       Rapier            |     3 |    31 ||    34
       Spear             |       |    17 ||    17
Throw: Dart              |       |     3 ||     3
 Cast: Sandblast         |    17 |    42 ||    59
  Use: Scroll            |       |     2 ||     2
       Potion            |       |     2 ||     2
Armor: Leather armour    |     9 |     6 ||    15
       Robe              |     2 |       ||     2
Dodge: Dodged            |    17 |    51 ||    68
Block: Buckler           |    12 |    17 ||    29
